Map: Hard Lead LE

Players

Opie

  • Race: Protoss Protoss
  • League: Platinum
  • Spawn Location: 11:00

Subwayeatn - Winner!

  • Race: Zerg Zerg
  • League: Platinum
  • Spawn Location: 5:00

VOD

Have the link to the VOD?

Description

Time

  • Played on: Nov. 14, 2023, 10:13 a.m.
  • Length: 7:56
Show
View Real Time Build Order
Export as new Build Order

Opie Protoss 

Build Orders:  

Get SALT Encoding   

  12  0:00  Probe  
  13  0:12  Probe  
  14  0:24  Probe  
  14  0:25  Pylon  
  15  0:43  Probe  
  15  0:46  Gateway  
  16  0:55  Probe (Chrono Boost)  
  17  0:57  Pylon  
  17  1:06  Probe (Chrono Boost)  
  18  1:11  Probe (Chrono Boost)  
  18  1:17  Gateway  
  19  1:21  Probe  
  20  1:26  Gateway  
  20  1:34  Gateway  
  20  1:40  Pylon  
  20  1:54  Cybernetics Core, Zealot  
  20  2:01  Assimilator  
  22  2:06  Zealot (Chrono Boost)  
  24  2:17  Probe  
  25  2:23  Assimilator  
  25  2:27  Zealot (Chrono Boost)  
  25  2:29  Probe  
  28  2:31  Zealot (Chrono Boost)  
  30  2:40  Zealot (Chrono Boost)  
  30  2:41  Probe  
  30  2:43  Pylon  
  33  2:53  Probe  
  33  2:55  Zealot  
  36  3:02  Zealot  
  38  3:05  Probe  
  38  3:12  Warp Gate  
  39  3:18  Probe  
  40  3:22  Zealot  
  42  3:34  Robotics Facility  
  42  3:43  Forge  
  42  3:54  Stalker  
  44  3:57  Shield Battery  
  44  4:05  Robotics Facility  
  44  4:06  Zealot  
  46  4:13  Pylon  
  46  4:25  Twilight Council  
  46  4:31  Zealot  
  48  4:40  Immortal  
  52  5:03  Pylon  
  52  5:06  Charge (Chrono Boost)  
  52  5:20  Nexus  
  52  5:33  Immortal (Chrono Boost)  
  56  5:38  Sentry  
  56  5:41  Sentry  
  60  5:50  Pylon  
  61  6:05  Observer (Chrono Boost)  
  61  6:13  Immortal  
  61  6:16  Zealot  
  61  6:17  Zealot  
  69  6:21  Zealot  
  71  6:27  Pylon  
  71  6:32  Probe (Chrono Boost)  
  72  6:44  Probe (Chrono Boost)  
  72  6:46  Probe (Chrono Boost)  
  74  6:49  Probe (Chrono Boost)  
  53  7:02  Zealot  
  53  7:03  Zealot x3  
  61  7:12  Probe (Chrono Boost)  
  62  7:16  Probe (Chrono Boost)  
  64  7:27  Probe x2 (Chrono Boost)  
  65  7:31  Probe (Chrono Boost)  
  65  7:34  Probe  
  67  7:43  Zealot x2  
  67  7:44  Zealot x2  
Show
View Real Time Build Order
Export as new Build Order

Subwayeatn Zerg - Winner!

Build Orders: Hatch First 

Get SALT Encoding   

  12  0:00  Drone  
  13  0:12  Overlord  
  13  0:19  Drone  
  14  0:30  Drone x2  
  16  0:55  Hatchery  
  15  0:57  Drone  
  15  0:58  Drone  
  15  0:59  Drone  
  15  1:02  Extractor  
  17  1:15  Spawning Pool  
  16  1:21  Drone x2  
  18  1:30  Drone  
  19  1:43  Overlord  
  19  1:53  Drone  
  20  2:03  Queen  
  20  2:07  Queen  
  24  2:09  Zergling x4  
  24  2:11  Metabolic Boost  
  26  2:18  Drone x2  
  28  2:23  Drone  
  29  2:36  Spine Crawler  
  29  2:37  Drone x2  
  29  2:41  Zergling x2  
  31  2:46  Spine Crawler  
  30  2:54  Spine Crawler  
  29  2:58  Evolution Chamber  
  29  3:01  Evolution Chamber  
  27  3:14  Zergling x8  
  27  3:15  Zergling x2  
  32  3:21  Overlord  
  32  3:30  Zerg Melee Weapons Level 1  
  32  3:45  Queen  
  34  3:50  Drone  
  34  3:51  Baneling Nest  
  34  4:06  Queen  
  36  4:10  Drone x2  
  38  4:18  Spine Crawler  
  38  4:20  Queen  
  39  4:39  Baneling x5  
  39  4:40  Baneling x5  
  39  4:43  Spore Crawler  
  38  4:45  Extractor  
  37  4:55  Drone x3  
  37  4:56  Drone x2  
  42  5:07  Drone x2  
  42  5:13  Lair  
  44  5:36  Spore Crawler  
  44  5:39  Drone  
  44  5:40  Spine Crawler  
  44  5:42  Overlord x2  
  43  5:43  Overlord  
  43  6:10  Queen  
  43  6:11  Queen  
  46  6:19  Centrifugal Hooks  
  46  6:20  Drone x3  
  46  6:21  Drone  
  46  6:24  Drone x7  
  57  6:28  Extractor  
  56  6:35  Drone x4  
  60  6:43  Overlord  
  60  6:45  Overseer  
  60  6:47  Overseer  
  53  7:03  Overseer  
  53  7:09  Zergling x2  
  53  7:10  Zergling x26  
  67  7:33  Extractor  
Tags
 
Add a new tag
Caveats
  • Supply blocks, unpowered buildings, or Contaminate may cause inaccurate times.
  • Supply counts are checked every 10 seconds.